 Dungeon Crawl Stone Soup version 0.28-a0-834-g1a73be5ee4 (webtiles) character file.

Game seed: 4590935559373497160

48 horus123 the Skirmisher (level 3, -1/29 HPs)
             Began as a Demonspawn Abyssal Knight on Nov 12, 2021.
             Was a Follower of Lugonu.
             Slain by Terence (5 damage)
             ... on level 2 of the Dungeon.
             The game lasted 00:02:56 (2204 turns).

horus123 the Skirmisher (Demonspawn Abyssal Knight) Turns: 2204, Time: 00:02:57

Health: -1/29      AC:  3    Str: 13    XL:     3   Next: 50%
Magic:  5/5        EV: 11    Int: 12    God:    Lugonu [*.....]
Gold:   49         SH:  0    Dex: 13    Spells: 2/2 levels left

rFire   . . .      SeeInvis .   a - +1 falchion
rCold   . . .      Faith    .   (no shield)
rNeg    . . .      Spirit   .   b - +0 leather armour
rPois   .          Reflect  .   (no helmet)
rElec   .          Harm     .   (no cloak)
rCorr   .          Rampage  .   (no gloves)
Will    .....                   (no boots)
Stlth   +.........              (no amulet)
HPRegen 0.09/turn               (no ring)
MPRegen 0.09/turn               (no ring)

@: no status effects
A: spiny 1
a: Renounce Religion, Depart the Abyss


You were on level 2 of the Dungeon.
You worshipped Lugonu.
Lugonu was aware of your devotion.
You visited 1 branch of the dungeon, and saw 2 of its levels.
You visited the Abyss 1 time.

You collected 49 gold pieces.

Inventory:

Hand Weapons
 a - a +1 falchion (weapon)
Armour
 b - a +0 leather armour (worn)
 c - a +0 ring mail
Jewellery
 e - an amulet of the acrobat
Scrolls
 f - a scroll of magic mapping {unknown}
Potions
 d - a potion of mutation


   Skills:
 + Level 3.4 Fighting
 + Level 2.2 Long Blades
 + Level 2.1 Armour
 * Level 1.2 Dodging
 + Level 0.1 Stealth
 * Level 3.1 Invocations


You had 2 spell levels left.
You didn't know any spells.
Your spell library was empty.

Dungeon Overview and Level Annotations

Branches:
Dungeon (2/15)

Altars:

Shops:
D:2 ?

Annotations:
D:2 Terence


Innate Abilities, Weirdness & Mutations

You are partially covered in sharp spines.


Message History

You feel sick. The adder misses you. The adder is struck by your spines.
The adder misses you.
You barely miss the adder.
The adder is severely wounded.
You feel sick. The adder is struck by your spines.
You kill the adder!
Lugonu accepts your kill.
You feel sick. The kobold hits you with a +0 whip.
* * * LOW HITPOINT WARNING * * *
You see here an adder corpse.
Okay, then.
You feel sick.
You feel sick.
You feel sick.
You are no longer poisoned.
Terence says, "You're history."
Terence says, "How do you enjoy it?"
You barely miss the kobold. The kobold is struck by your spines.
You kill the kobold!
Lugonu accepts your kill.
There is a stone staircase leading down here.
Terence looks scornfully at you.
You see here an adder skeleton.
An adder comes into view.
The adder hisses angrily.
A kobold comes into view. It is wielding a +0 dagger.
The kobold shouts!
Found a scroll labelled UWNECH FIHOJ.
Terence says, "Don't bother to defend, it's pointless."
The kobold closely misses you.
You hit the kobold but do no damage. Terence is struck by your spines.
Terence hits you with a +0 mace.
* * * LOW HITPOINT WARNING * * *
The kobold is struck by your spines. The kobold closely misses you.
Terence hits you with a +0 mace.
* * * LOW HITPOINT WARNING * * *
You miss the kobold.
The kobold is heavily wounded.
The kobold barely misses you. Terence hits you with a +0 mace.
You die...

#..÷.....#
##########.#####.#
....>......# #.#
##.##..##### #.#
#..##.# #.#
##.#..# #.# #....#
#S# #.∩.## #@#
#....## #@#
#.#...# #K#
#.....# ...
####..# .##.#
#..## #. .# #...#
# ?# ##..# .#
#..## .# ##..#


You could see Terence, an adder and a kobold.

Vanquished Creatures
  2 adders (D:2)
  6 endoplasms
  A goblin (D:2)
  2 hobgoblins (D:2)
  3 jackals (D:1)
  A quokka (D:1)
  4 ball pythons (D:1)
  4 bats
  2 frilled lizards (D:2)
  2 kobolds
  A rat (D:1)
28 creatures vanquished.

Notes
Turn   | Place    | Note
-------+----------+-------------------------------------------
     0 | Abyss:1  | horus123 the Demonspawn Abyssal Knight began the quest for
                  | the Orb.
     0 | Abyss:1  | Reached XP level 1. HP: 18/18 MP: 2/2
    45 | Abyss:1  | Found a blossoming altar of Fedhas.
    53 | Abyss:1  | Noticed a soul eater
    55 | Abyss:1  | Noticed a thrashing horror
    57 | D:1      | Escaped the Abyss
   494 | D:1      | Reached * piety under Lugonu
   725 | D:1      | Gained mutation: You are partially covered in sharp spines.
                  | [demonic ancestry]
   725 | D:1      | Reached XP level 2. HP: 24/24 MP: 3/3
  1089 | D:1      | Reached skill level 1 in Dodging
  1770 | D:2      | Found Vizxal's Magic Scroll Shoppe.
  1797 | D:2      | Reached XP level 3. HP: 25/29 MP: 5/5
  2054 | D:2      | Found a faded altar of an unknown god.
  2146 | D:2      | Noticed Terence
  2204 | D:2      | Slain by Terence

Illustrated notes

Levels and vault maps discovered:
D:1:      evilmike_arrival_hilbert_curve, layout_basic,
          amcnicky_mini_corridor_feature
D:2:      layout_basic, shapermc_ecumenical_altar_gd, serial_shops,
          nicolae_shop_stone, uniq_terence

Skill      XL: |  1  2 |
---------------+-------+-----
Long Blades    | 2 |  2.2
Armour         | 2 |  2.1
Dodging        | 1 |  1.2
Invocations    | 3 |  3.1
Fighting       | |  3.4
Stealth        | |  0.1

Action                   || total
-------------------------++-------
Melee: Falchion          ||    68
Invok: Depart the Abyss  ||     1
  Use: Scroll            ||     1
 Stab: Sleeping          ||     1
Armor: Ring mail         ||    15
       Leather armour    ||     9
Dodge: Dodged            ||    54

Table legend: (Time is in decaauts)
 A = Elapsed time spent in this place.
 B = Non-inter-level travel time spent in this place.
 C = Inter-level travel time spent in this place.
 D = Time resting spent in this place.
 E = Time spent auto-exploring this place.
 F = Levels seen in this place.
 G = Mean time per level.
                   A        B        C        D        E       F      G
               +--------+--------+--------+--------+--------+-----+--------+
         Total |   2217 |   2185 |     32 |    312 |   1590 |   3 |  739.0 |
       Dungeon |   2160 |   2128 |     32 |    312 |   1540 |   2 | 1080.0 |
         Abyss |     57 |     57 |      0 |      0 |     50 |   1 |   57.0 |
               +--------+--------+--------+--------+--------+-----+--------+

Top non-repeatable levels by time:
     D:1: 1427 daAuts
     D:2: 733 daAuts
 Abyss:1: 57 daAuts
